AoeStats
← Ken

Fortress

508444132Analyzed
4v4 RM · 9d ago on Sep 22, 2026· 59m 36s· 8 players
Game mode
Random Map
Map size
Huge
Population
200
Speed
Normal
Resources
Standard
Victory
Conquest
Starting age
Dark Age
Ending age
Imperial Age
RankedLock teamsTeams togetherTeam positionsShared explorationLock speedFull tech treeHidden civsTurbo modeCheats
Victory
Defeat
🇪🇸 Slavs · Spain
1098
+13
🇨🇳 Franks · China
1082
+14
🇫🇷 Britons · France
1013
+17
🇺🇸 Teutons · United States
1012
+17
🇨🇱 Khmer · Chile
1066
-18
🇨🇱 Italians · Chile
1038
-15
🇨🇳 Teutons · China
1030
-15
🇨🇱 Cumans · Chile
987
-13
La Cobra
7:46 Feudal Age
13:20 Castle Age
11:39 Double-Bit Axe
11:52 Gold Mining
11:58 Stone Mining
11:51 Horse Collar
13:28 Fletching
17:48 Bodkin Arrow
19:02 Padded Archer Armor
21:22 Wheelbarrow
21:05 Leather Archer Armor
21:06 Heavy Plow
22:26 Loom
25:42 Imperial Age
23:36 Ballistics
26:23 Bow Saw
27:18 Conscription
28:53 Chemistry
27:41 Capped Ram
30:00 Elite Genoese Crossbowman
30:24 Treadmill Crane
30:48 Scale Mail Armor
30:59 Forging
31:27 Squires
31:14 Arson
32:32 Two-Man Saw
32:01 Chain Mail Armor
34:02 Hand Cart
35:13 Iron Casting
37:26 Plate Mail Armor
45:00 Murder Holes
45:33 Bloodlines
45:24 Husbandry
45:06 Light Cavalry
Garcito
6:35 Loom
8:20 Feudal Age
6:37 Loom
11:42 Castle Age
9:56 Double-Bit Axe
10:12 Horse Collar
11:56 Scale Barding Armor
15:09 Bow Saw
20:02 Wheelbarrow
24:08 Imperial Age
22:33 Hand Cart
22:25 Pikeman
24:06 Scale Mail Armor
24:17 Forging
23:57 Fletching
25:26 Gold Mining
26:47 Halberdier
29:07 Chain Mail Armor
29:27 Iron Casting
29:01 Stone Mining
29:04 Loom
30:37 Heavy Scorpion
31:34 Double Crossbow
32:22 Conscription
33:08 Ballistics
33:34 Heavy Plow
33:19 Capped Ram
35:25 Blast Furnace
35:59 Capped Ram
36:42 Town Watch
38:17 Siege Ram
41:11 Fletching
41:37 Masonry
41:35 Siege Engineers
41:41 Masonry
47:12 Chain Barding Armor
51:26 Bloodlines
50:36 Light Cavalry
51:49 Hussar
54:00 Plate Barding Armor
53:20 Arson
belen_dhv
9:21 Feudal Age
14:21 Wheelbarrow
13:28 Horse Collar
13:35 Double-Bit Axe
20:59 Castle Age
19:53 Gold Mining
19:53 Stone Mining
19:52 Loom
19:36 Man-at-Arms
21:18 Forging
21:13 Scale Barding Armor
21:25 Bloodlines
21:09 Arson
21:29 Pikeman
22:26 Hand Cart
22:15 Heavy Plow
22:30 Bow Saw
25:15 Imperial Age
25:30 Iron Casting
25:15 Chain Barding Armor
26:21 Conscription
27:02 Cavalier
28:48 Blast Furnace
28:23 Plate Barding Armor
30:30 Two-Man Saw
33:05 Crop Rotation
34:06 Paladin
36:39 Gold Shaft Mining
38:23 Capped Ram
40:49 Siege Ram
50:27 Long Swordsman
58:47 Two-Handed Swordsman
58:58 Halberdier
Tzeus
8:37 Feudal Age
9:30 Double-Bit Axe
9:29 Horse Collar
14:48 Castle Age
12:36 Loom
13:08 Stone Mining
13:08 Gold Mining
15:21 Wheelbarrow
16:20 Bloodlines
31:50 Scale Barding Armor
31:37 Fletching
31:59 Forging
32:40 Bow Saw
33:01 Heavy Plow
38:33 Imperial Age
46:29 Pikeman
47:09 Squires
46:55 Gambesons
47:32 Halberdier
54:25 Hand Cart
53:55 Town Watch
54:43 Crop Rotation
54:54 Stone Shaft Mining
55:22 Two-Man Saw
55:38 Scale Mail Armor
56:14 Iron Casting
56:55 Chain Mail Armor
56:56 Cavalier
59:45 Blast Furnace
59:31 Plate Mail Armor
59:25 Chain Barding Armor
Steppo
2:14 Loom
7:56 Feudal Age
12:43 Castle Age
11:25 Double-Bit Axe
11:52 Horse Collar
12:25 Gold Mining
13:07 Forging
12:58 Scale Mail Armor
16:11 Pikeman
21:23 Bow Saw
21:23 Heavy Plow
25:24 Stone Mining
25:34 Town Watch
26:25 Wheelbarrow
26:41 Squires
30:58 Fletching
31:43 Bodkin Arrow
34:24 Imperial Age
33:34 Ballistics
33:26 Masonry
34:00 Iron Casting
33:41 Chain Mail Armor
35:38 Crenellations
37:31 Conscription
37:35 Crenellations
37:51 Hoardings
37:31 Halberdier
40:27 Arson
40:04 Man-at-Arms
40:29 Gambesons
41:35 Long Swordsman
42:24 Two-Handed Swordsman
45:59 Champion
47:33 Chain Mail Armor
47:57 Hand Cart
49:31 Blast Furnace
49:02 Plate Mail Armor
49:22 Ironclad
49:18 Fortified Wall
51:18 Capped Ram
54:22 Heavy Scorpion
57:54 Siege Engineers
Cloud
1:46 Loom
9:03 Feudal Age
9:26 Horse Collar
9:47 Double-Bit Axe
14:39 Castle Age
15:20 Wheelbarrow
16:42 Scale Mail Armor
16:54 Forging
17:54 Chain Mail Armor
19:29 Bow Saw
19:25 Heavy Plow
20:19 Hand Cart
21:00 Gold Mining
22:52 Gold Shaft Mining
26:56 Imperial Age
25:11 Fletching
25:22 Padded Archer Armor
24:57 Elite Skirmisher
26:09 Bodkin Arrow
27:35 Iron Casting
27:16 Leather Archer Armor
28:08 Conscription
27:20 Man-at-Arms
27:28 Pikeman
28:10 Squires
29:36 Two-Man Saw
29:09 Crop Rotation
28:49 Druzhina
28:33 Halberdier
30:12 Capped Ram
31:58 Plate Mail Armor
32:50 Blast Furnace
33:27 Ballistics
34:08 Chemistry
32:48 Siege Ram
34:44 Ring Archer Armor
35:01 Heavy Scorpion
35:10 Man-at-Arms
38:10 Long Swordsman
42:01 Scale Barding Armor
43:21 Two-Handed Swordsman
Tangtang
4:03 Loom
8:02 Feudal Age
10:15 Wheelbarrow
12:57 Castle Age
12:38 Double-Bit Axe
12:35 Horse Collar
15:10 Heavy Plow
15:23 Bow Saw
17:26 Fletching
19:01 Hand Cart
18:34 Town Watch
20:28 Bodkin Arrow
24:21 Padded Archer Armor
26:07 Leather Archer Armor
28:32 Elite Skirmisher
32:29 Gold Mining
32:31 Stone Mining
32:55 Bow Saw
37:15 Imperial Age
36:03 Ballistics
37:00 Pikeman
37:41 Squires
37:26 Arson
37:45 Scale Mail Armor
38:13 Forging
39:00 Chain Mail Armor
38:10 Halberdier
40:47 Murder Holes
43:41 Plate Mail Armor
43:47 Iron Casting
47:11 Blast Furnace
54:13 Conscription
56:01 Caravan
58:17 Bracer
Ken
7:31 Feudal Age
8:07 Loom
9:15 Double-Bit Axe
12:09 Castle Age
13:31 Bow Saw
14:11 Loom
15:02 Wheelbarrow
18:46 Gold Mining
27:53 Imperial Age
25:29 Stone Mining
26:14 Gold Shaft Mining
26:36 Scale Barding Armor
26:41 Forging
27:23 Husbandry
28:11 Chain Barding Armor
28:48 Forging
28:36 Cavalier
29:59 Conscription
30:04 Chivalry
30:31 Scale Mail Armor
31:07 Iron Casting
31:38 Plate Barding Armor
32:01 #83
35:28 Gold Shaft Mining
36:15 Blast Furnace
37:48 Paladin
39:53 Fletching
40:03 Padded Archer Armor
40:18 Chain Mail Armor
41:12 Caravan
41:53 Elite Throwing Axeman
44:59 Chemistry
43:55 Murder Holes
44:21 Ballistics
44:22 Bodkin Arrow
47:57 Murder Holes
52:32 Siphons
53:37 Chemistry
52:58 Ballistics
54:19 Light Cavalry
Connection lost

Rejoining the realm…

Still unreachable

The connection could not be restored.

Session expired

The server has moved on; the page needs a fresh start.